Map: Flooded City

Players

Odon

  • Race: Zerg Zerg
  • League: Gold
  • Spawn Location: 6:00

mezarcı

  • Race: Zerg Zerg
  • Spawn Location: 6:00

BizMac

  • Race: Zerg Zerg
  • League: Platinum
  • Spawn Location: 12:00

ILIEKEGGPIE

  • Race: Protoss Protoss
  • League: Platinum
  • Spawn Location: 12:00

VOD

Have the link to the VOD?

Description

Time

  • Played on: April 13, 2018, 1:17 p.m.
  • Length: 5:21
Show
View Real Time Build Order
Export as new Build Order

Odon Zerg 

Build Orders: Pool First 

Get SALT Encoding   

  12  0:08  Overlord  
  12  0:13  Drone  
  13  0:18  Drone  
  14  0:29  Drone  
  14  0:33  Drone  
  16  0:42  Drone  
  17  0:50  Spawning Pool  
  17  0:52  Drone  
  17  1:03  Drone  
  18  1:09  Extractor  
  17  1:15  Drone  
  18  1:23  Hatchery  
  18  1:24  Drone  
  18  1:35  Drone  
  18  1:39  Queen  
  21  1:48  Zergling x2  
  22  1:58  Overlord  
  22  2:06  Evolution Chamber  
  22  2:08  Zergling x2  
  22  2:21  Zergling x2  
  23  2:30  Zergling x2  
  23  2:33  Metabolic Boost  
  23  2:36  Zergling x2  
  25  2:40  Zergling x2  
  26  2:46  Zergling x2  
  27  2:52  Zergling x2  
  28  3:00  Zergling x6  
  28  3:01  Zergling x2  
  32  3:08  Zergling x4  
  32  3:10  Zerg Melee Weapons Level 1  
  34  3:21  Zergling x4  
  36  3:33  Overlord  
  36  3:43  Overlord  
  36  4:04  Overlord, Drone x2  
  36  4:05  Zergling x4  
  36  4:06  Drone  
  39  4:27  Zergling x6  
  32  4:41  Zergling x10  
  36  5:19  Baneling Nest  
Show
View Real Time Build Order
Export as new Build Order

mezarcı Zerg 

Build Orders: Pool First 

Get SALT Encoding   

  12  0:02  Drone  
  13  0:13  Overlord  
  13  0:33  Drone x3  
  16  0:50  Spawning Pool  
  16  0:51  Drone  
  16  0:58  Extractor  
  16  0:59  Drone  
  16  1:10  Drone  
  17  1:20  Drone  
  18  1:33  Overlord  
  18  1:37  Queen  
  20  1:40  Drone  
  21  1:54  Drone  
  22  2:02  Hatchery  
  22  2:06  Zergling x2  
  22  2:12  Queen  
  22  2:13  Overlord  
  24  2:19  Metabolic Boost  
  24  2:33  Zergling x2  
  24  2:34  Zergling x2  
  26  2:48  Queen  
  28  3:00  Zergling x4  
  30  3:11  Zergling x4  
  30  3:12  Zergling x4  
  34  3:37  Zergling x8  
  34  3:38  Zergling x2  
  34  3:39  Queen  
  34  3:40  Queen  
  43  3:44  Drone  
  44  3:55  Overlord  
  38  4:07  Zergling x4  
  38  4:08  Zergling x2  
  35  4:47  Zergling x10  
  35  4:48  Zergling x2  
Show
View Real Time Build Order
Export as new Build Order

BizMac Zerg 

Build Orders: Pool First 

Get SALT Encoding   

  12  0:01  Drone  
  13  0:09  Drone  
  14  0:22  Overlord  
  14  0:42  Drone x3  
  17  0:53  Extractor  
  17  0:56  Spawning Pool  
  15  1:01  Drone  
  16  1:12  Drone  
  17  1:21  Drone  
  18  1:39  Drone x2  
  20  1:42  Queen  
  20  1:44  Hatchery  
  21  1:52  Overlord  
  21  2:08  Drone  
  22  2:11  Zergling x2  
  23  2:18  Queen  
  23  2:22  Metabolic Boost  
  25  2:29  Zergling x2  
  26  2:39  Extractor  
  25  3:03  Queen  
  27  3:08  Zergling x4  
  27  3:12  Zergling x10  
  34  3:16  Lair  
  34  3:44  Overlord x3  
  34  3:46  Drone x2  
  31  4:04  Zergling x10  
  35  4:15  Zergling x8  
  35  4:16  Zergling x2  
  21  4:48  Zergling x2  
  21  4:49  Zergling x8  
  22  5:03  Zergling x8  
Show
View Real Time Build Order
Export as new Build Order

ILIEKEGGPIE Protoss 

Build Orders: Double Forge 

Get SALT Encoding   

  12  0:00  Probe  
  13  0:13  Probe  
  14  0:18  Pylon  
  14  0:25  Probe (Chrono Boost)  
  15  0:37  Probe (Chrono Boost)  
  15  0:40  Gateway  
  16  0:46  Probe (Chrono Boost)  
  16  0:49  Assimilator  
  17  0:53  Probe  
  18  1:03  Pylon  
  18  1:05  Probe  
  19  1:17  Probe  
  20  1:28  Gateway  
  20  1:30  Cybernetics Core  
  20  1:35  Assimilator  
  20  1:37  Probe  
  21  1:50  Zealot, Probe  
  24  2:16  Warp Gate  
  24  2:20  Stalker x2 (Chrono Boost)  
  28  2:51  Stalker (Chrono Boost)  
  30  2:58  Gateway  
  30  3:00  Gateway  
  30  3:19  Probe  
  31  3:39  Robotics Facility  
  31  3:45  Forge  
  31  3:46  Forge  
  31  4:01  Nexus  
  31  4:09  Pylon  
  31  4:12  Pylon  
  31  4:15  Stalker  
  31  4:16  Probe  
  28  4:29  Zealot x2  
  28  4:30  Zealot  
  1  5:11  Sentry  
  1  5:12  Sentry x2  
Tags
 
Add a new tag
Caveats
  • Supply blocks, unpowered buildings, or Contaminate may cause inaccurate times.
  • Supply counts are checked every 10 seconds.